 Dungeon Crawl Stone Soup version 0.32-a0-841-g4648e6c (webtiles) character file.

Game seed: 6398210164486267488

78 Dorkslayer the Shield-Bearer (level 4, -7/31 HPs)
             Began as an Octopode Fighter on Mar 26, 2024.
             Mangled by a gnoll
             ... wielding a +0 spear
              (8 damage)
             ... on level 2 of the Dungeon.
             The game lasted 00:02:12 (1075 turns).

Dorkslayer the Shield-Bearer (Octopode Fighter)     Turns: 1075, Time: 00:02:14

Health: -7/31      AC:  1    Str: 17    XL:     4   Next: 36%
Magic:  4/4        EV: 12    Int: 10    God:
Gold:   65         SH:  4    Dex: 11    Spells: 3/3 levels left

rFire   . . .        a - +0 war axe
rCold   + . .        b - +0 buckler
rNeg    . . .        (helmet restricted)
rPois   .            (no amulet)
rElec   .            g - ring of protection from cold
rCorr   .            (no ring)
SInv    .            (no ring)
Will    .....        (no ring)
Stlth   +++          (no ring)
HPRegen 0.25/turn    (no ring)
MPRegen 0.09/turn    (no ring)
                     (no ring)

%: no passive effects
@: no status effects
A: almost no armour, amphibious, 8 rings, camouflage 1, gelatinous body 1,
(nimble swimmer 1), tentacles
a: no special abilities


You were on level 2 of the Dungeon.
You visited 1 branch of the dungeon, and saw 2 of its levels.

You collected 65 gold pieces.

Inventory:

Hand Weapons
 a - a +0 war axe (weapon)
Missiles
 h - 6 boomerangs (quivered)
Armour
 b - a +0 buckler (worn)
Jewellery
 g - a ring of protection from cold (left tentacle)
Scrolls
 e - 4 scrolls of teleportation
 j - a scroll of amnesia {unknown}
Potions
 c - a potion of might
 d - a potion of curing
 f - a potion of berserk rage
 i - a potion of attraction {unknown}


   Skills:
 + Level 3.4 Fighting
 + Level 2.7 Axes
 + Level 3.3 Dodging
 + Level 1.7 Stealth
 + Level 3.6 Shields


You had 3 spell levels left.
You didn't know any spells.
Your spell library contained the following spells:

 Spells                   Type           Power      Damage    Failure   Level
 Lesser Beckoning         Tloc           0%         N/A       58%         2
 Call Canine Familiar     Summ           0%         N/A       82%         3
 Fugue of the Fallen      Necr           0%         N/A       82%         3
 Gell's Gravitas          Tloc           0%         N/A       82%         3
 Ozocubu's Armour         Ice            0%         N/A       82%         3
 Sigil of Binding         Hex            0%         N/A       82%         3
 Teleport Other           Tloc           0%         N/A       82%         3
 Dimensional Bullseye     Hex/Tloc       0%         N/A       99%         4
 Manifold Assault         Tloc           0%         N/A       99%         4


Dungeon Overview and Level Annotations

Branches:
Dungeon (2/15)

Altars:


Innate Abilities, Weirdness & Mutations

You cannot wear most types of armour.
You are amphibious.
You can wear up to eight rings at the same time.
Your skin changes colour to match your surroundings (Stealth+).
Your rubbery body absorbs attacks. (AC +1, EV +1)
((You are camouflaged when in or above water. (Stealth+)))
You have tentacles for arms and can constrict up to eight enemies at once.


Message History

You slash the ribbon worm! You grab the ribbon worm.
The ribbon worm is heavily wounded.
You constrict the ribbon worm. The ribbon worm closely misses you.
You hit the ribbon worm.
You kill the ribbon worm!
You have reached level 4!
Found a scroll labelled OMAKKAEKHI.
A gnoll comes into view. It is wielding a +0 halberd.
j - a scroll labelled OMAKKAEKHI 2 gnolls come into view.
A gnoll comes into view. It is wielding a +0 spear.
The gnoll shouts! x3; You hear a loud squeak.
The gnoll shouts!
You hit the gnoll. Your grab misses the gnoll. You squeeze the gnoll.
The gnoll is severely wounded.
The gnoll barely misses you.
You slash the gnoll!
You kill the gnoll!
The gnoll hits you from afar with a +0 spear!
The gnoll hits you with a +0 club.
The gnoll hits you from afar with a +0 spear.
You closely miss the gnoll. You grab the gnoll. You constrict the gnoll.
You block the gnoll's attack. The gnoll barely misses you.
You hit the gnoll. You squeeze the gnoll.
You kill the gnoll!
The gnoll hits you from afar with a +0 spear!
* * * LOW HITPOINT WARNING * * *
The gnoll barely misses you. x2
A hobgoblin comes into view.
You barely miss the gnoll. Your grab misses the gnoll.
You block the gnoll's attack. The gnoll hits you with a +0 club.
* * * LOW HITPOINT WARNING * * *
You slash the gnoll! You grab the gnoll.
The gnoll is almost dead.
You constrict the gnoll.
You kill the gnoll!
The gnoll hits you from afar with a +0 spear!
* * * LOW HITPOINT WARNING * * *
The gnoll hits you from afar with a +0 spear!
You die...

## .. ######. .....
..g #)# ..####@#
######..
.....#.###.......
#...........##
#.....#......##
...#.##..#.#..####.#
#. #. #............#
. #..#.#..####.# #
#.......# ..
##.####.#


You could see a gnoll.

Vanquished Creatures
  3 gnolls (D:2)
  2 adders (D:2)
  2 dart slugs (D:1)
  2 ribbon worms (D:2)
  4 bats
  2 endoplasms (D:1)
  6 hobgoblins
  3 jackals (D:1)
  4 goblins
  2 kobolds
  4 rats
34 creatures vanquished.

Notes
Turn   | Place    | Note
-------+----------+-------------------------------------------
     0 | D:1      | Dorkslayer the Octopode Fighter began the quest for the
                  | Orb.
     0 | D:1      | Reached XP level 1. HP: 16/16 MP: 1/1
   158 | D:1      | Reached XP level 2. HP: 21/21 MP: 2/2
   624 | D:1      | Reached XP level 3. HP: 26/26 MP: 3/3
   744 | D:2      | Reached skill level 1 in Stealth
  1053 | D:2      | Reached XP level 4. HP: 31/31 MP: 4/4
  1075 | D:2      | HP: 1/31 [gnoll/+0 spear (7)]
  1075 | D:2      | Mangled by a gnoll

Illustrated notes

Levels and vault maps discovered:
D:1:      heliophobic_arrival_henge, layout_basic, st_stairs_1
D:2:      layout_loops_ring, serial_glass, glass_columns_b, glass_columns_a,
          minmay_pentomino_x4

Skill      XL: |  1  2  3 |
---------------+----------+-----
Stealth        | 1 |  1.7
Fighting       | |  3.4
Axes           | |  2.7
Dodging        | |  3.3
Shields        | |  3.6

Action                     |  1- 3 |  4- 6 || total
---------------------------+-------+-------++-------
  Melee: War axe           |    46 |     6 ||    52
         Constrict         |    19 |     2 ||    21
         Tentacles         |    12 |     2 ||    14
    Use: Scroll            |     3 |       ||     3
   Stab: Sleeping          |     6 |       ||     6
 Armour: Skin              |    20 |     7 ||    27
  Dodge: Dodged            |    27 |     4 ||    31
  Block: Buckler           |     7 |     2 ||     9

Table legend: (Time is in decaauts)
 A = Elapsed time spent in this place.
 B = Non-inter-level travel time spent in this place.
 C = Inter-level travel time spent in this place.
 D = Time resting spent in this place.
 E = Time spent auto-exploring this place.
 F = Levels seen in this place.
 G = Mean time per level.
                   A        B        C        D        E       F      G
               +--------+--------+--------+--------+--------+-----+--------+
         Total |   1096 |   1096 |      0 |      0 |    608 |   2 |  548.0 |
       Dungeon |   1096 |   1096 |      0 |      0 |    608 |   2 |  548.0 |
               +--------+--------+--------+--------+--------+-----+--------+

Top non-repeatable levels by time:
     D:1: 717 daAuts
     D:2: 379 daAuts
